AoeStats
← Jacks story

Arena

510935686Analyzed
4v4 RM · 10h ago on Oct 3, 2026· 37m 0s· 8 players
Game mode
Random Map
Map size
Large (8 player)
Population
200
Speed
Normal
Resources
Standard
Victory
Conquest
Starting age
Dark Age
Ending age
Imperial Age
RankedLock teamsTeams togetherTeam positionsShared explorationLock speedFull tech treeHidden civsTurbo modeCheats
Victory
Defeat
🇨🇳 Huns · China
1117
+15
🇭🇰 Britons · Hong Kong SAR China
1101
+15
🇹🇼 Saxons · Taiwan
1094
+16
🇨🇳 Mongols · China
1052
+17
🇳🇿 Vietnamese · New Zealand
1110
-17
🇺🇸 Turks · United States
1101
-16
🇺🇸 Varangians · United States
1095
-16
🇲🇽 Inca · Mexico
1041
-14
Jling.YYC
9:35 Feudal Age
10:59 Double-Bit Axe
10:56 Horse Collar
17:45 Castle Age
16:33 Stone Mining
17:17 Gold Mining
19:09 Loom
21:32 Town Watch
22:28 Fletching
23:59 Padded Archer Armor
24:58 Bodkin Arrow
29:47 Imperial Age
28:07 Elite Skirmisher
32:23 Pikeman
33:04 Squires
33:20 Crossbowman
35:44 Gold Shaft Mining
35:54 Scale Mail Armor
37:31 Bracer
37:47 Leather Archer Armor
Hank饅頭
11:12 Feudal Age
12:38 Double-Bit Axe
12:38 Horse Collar
15:16 Castle Age
14:44 Stone Mining
17:49 Bow Saw
20:15 Heavy Plow
21:42 Loom
23:52 Gold Mining
25:23 Scale Mail Armor
25:33 Forging
27:11 Wheelbarrow
30:20 Imperial Age
29:06 Chain Mail Armor
29:26 Iron Casting
30:31 Gambesons
30:46 Squires
30:32 Arson
30:31 Elite Varangian Guard
32:04 Conscription
31:14 Shield Wall
32:55 Hand Cart
32:18 Pikeman
32:50 Halberdier
35:22 Plate Mail Armor
37:33 Chemistry
36:54 Ballistics
36:39 Siege Engineers
36:32 Guard Tower
37:23 Fletching
37:33 Padded Archer Armor
爱莉希雅
10:51 Feudal Age
15:08 Castle Age
12:57 Double-Bit Axe
13:02 Horse Collar
14:58 Wheelbarrow
19:11 Bow Saw
21:18 Fervor
22:55 Gold Mining
23:30 Stone Mining
24:53 Gold Shaft Mining
25:38 Hand Cart
25:40 Heavy Plow
26:56 Marauders
29:33 Imperial Age
26:54 Town Watch
26:55 Loom
27:20 Scale Barding Armor
27:39 Forging
28:21 Chain Barding Armor
28:15 Bloodlines
28:05 Husbandry
29:06 Iron Casting
29:36 Elite Tarkan
31:32 Blast Furnace
31:21 Plate Barding Armor
32:29 Conscription
37:37 Atheism
36:47 Sappers
XTB.眠笛
10:33 Feudal Age
10:17 Loom
12:34 Double-Bit Axe
15:41 Fletching
23:32 Castle Age
22:06 Horse Collar
22:54 Padded Archer Armor
24:21 Wheelbarrow
25:33 Bodkin Arrow
26:38 Hand Cart
26:35 Bow Saw
27:12 Town Watch
27:53 Forging
28:03 Gold Mining
28:39 Thumb Ring
29:55 Bloodlines
30:26 Heavy Plow
30:30 Town Patrol
31:35 Gold Shaft Mining
32:32 Stone Mining
33:59 Husbandry
34:46 Iron Casting
34:17 Scale Barding Armor
37:34 Chain Barding Armor
RapidBonsai3836
12:34 Feudal Age
18:19 Castle Age
17:16 Double-Bit Axe
22:50 Imperial Age
22:13 Wheelbarrow
22:15 Horse Collar
23:51 Bow Saw
30:19 Hand Cart
29:51 Loom
31:16 Two-Man Saw
Jacks story
10:43 Feudal Age
14:21 Castle Age
13:40 Double-Bit Axe
14:25 Scale Barding Armor
15:05 Wheelbarrow
15:22 Bow Saw
17:05 Horse Collar
21:08 Heavy Plow
22:25 Stone Mining
23:38 Hand Cart
23:22 Loom
24:58 Stone Shaft Mining
25:08 Bloodlines
24:59 Husbandry
25:09 Scale Barding Armor
25:53 Elite Skirmisher
26:02 Elite Skirmisher
26:50 Gold Mining
28:33 Forging
32:53 Fletching
33:40 Iron Casting
33:58 Murder Holes
34:25 Ballistics
33:57 Pikeman
35:07 Scale Mail Armor
35:04 Bodkin Arrow
38:55 Imperial Age
36:49 Chain Mail Armor
Tlacaelel.MX
7:22 Loom
7:27 Loom
10:08 Feudal Age
14:42 Wheelbarrow
15:55 Fletching
17:30 Double-Bit Axe
23:40 Castle Age
21:25 Champi Runner
22:32 Horse Collar
22:44 Gold Mining
23:20 Stone Mining
28:13 Bow Saw
28:08 Heavy Plow
28:36 Town Watch
30:05 Hand Cart
31:22 Bodkin Arrow
33:29 Scale Mail Armor
33:40 Forging
35:24 Elite Skirmisher
scrawnny12
11:42 Feudal Age
13:12 Double-Bit Axe
13:09 Horse Collar
15:47 Castle Age
15:40 Wheelbarrow
17:01 Bow Saw
16:55 Heavy Plow
22:22 Hand Cart
23:12 Gold Mining
28:49 Imperial Age
26:26 Stone Mining
26:55 Scale Barding Armor
27:00 Forging
26:54 Treadmill Crane
27:25 Fortified Wall
27:53 Stone Shaft Mining
27:15 Town Watch
27:15 Loom
28:21 Chain Barding Armor
28:25 Bloodlines
28:18 Husbandry
29:27 Ballistics
29:23 Chatras
30:01 Iron Casting
29:02 Elite Battle Elephant
30:22 Paper Money
30:54 Plate Barding Armor
31:41 Two-Man Saw
33:09 Chemistry
32:46 Fletching
34:44 Crossbowman
35:28 Bodkin Arrow
35:34 Padded Archer Armor
35:30 Arbalester
36:16 Thumb Ring
36:17 Bracer
Connection lost

Rejoining the realm…

Still unreachable

The connection could not be restored.

Session expired

The server has moved on; the page needs a fresh start.